 Dungeon Crawl Stone Soup version 0.29.1-1-gd02db6906a (webtiles) character file.

Game seed: 5100474697616760010

259 warriortoast the Conjurer (level 5, -5/28 HPs)
             Began as a Deep Elf Conjurer on Sept 22, 2022.
             Slain by Ijyb
             ... wielding a +4 dagger of electrocution
              (8 damage)
             ... on level 3 of the Dungeon.
             The game lasted 00:07:29 (3165 turns).

warriortoast the Conjurer (Deep Elf Conjurer)       Turns: 3165, Time: 00:07:29

Health: -5/28      AC:  3    Str:  4    XL:     5   Next: 95%
Magic:  9/15       EV:  9    Int: 25    God:
Gold:   185        SH:  0    Dex: 13    Spells: 15/16 levels left

rFire   . . .      SeeInvis .   t - +3 whip
rCold   . . .      Faith    .   (no shield)
rNeg    . . .      Spirit   .   x - +0 robe {Will+}
rPois   .          Reflect  .   s - +0 helmet
rElec   .          Harm     .   (no cloak)
rCorr   .          Rampage  .   (no gloves)
Will    +....                   (no boots)
Stlth   ++........              (no amulet)
HPRegen 0.09/turn               (no ring)
MPRegen 0.14/turn               (no ring)

@: grasped by roots, constricted
A: no striking features
a: no special abilities


You were on level 3 of the Dungeon.
You visited 1 branch of the dungeon, and saw 3 of its levels.

You collected 185 gold pieces.

Inventory:

Hand Weapons
 t - a +3 whip (weapon)
Armour
 a - a +0 robe
 s - a +0 helmet (worn)
 u - a +0 buckler
 x - a +0 robe of willpower (worn)
Scrolls
 c - 4 scrolls of teleportation {unknown}
 d - a scroll of magic mapping {unknown}
 e - 4 scrolls of identify {unknown}
 f - a scroll of summoning {unknown}
 g - a scroll of fear {unknown}
 i - a scroll of enchant weapon {unknown}
 k - 2 scrolls of poison {unknown}
 o - a scroll of butterflies {unknown}
 r - a scroll of amnesia {unknown}
 v - a scroll of silence {unknown}
Potions
 b - a potion of magic
 h - 2 potions of lignification {unknown}
 j - 2 potions of curing {unknown}
 l - a potion of brilliance {unknown}
 m - 3 potions of flight {unknown}
 n - 2 potions of attraction {unknown}
 p - a potion of cancellation {unknown}
 q - a potion of heal wounds {unknown}
 w - a potion of ambrosia {unknown}


   Skills:
 - Level 2.4 Dodging
 - Level 2.4 Stealth
 + Level 6.2 Spellcasting
 + Level 6.4 Conjurations


You had 15 spell levels left.
You knew the following spells:

 Your Spells              Type           Power      Damage    Failure   Level
a - Magic Dart            Conj           100%       1d8       1%          1

Your spell library contained the following spells:

 Spells                   Type           Power      Damage    Failure   Level
 Searing Ray              Conj           80%        2d7       1%          2
 Dazzling Flash           Conj/Hex       46%        N/A       6%          3
 Sting                    Tmut/Pois      28%        1d4       8%          1
 Poisonous Vapours        Pois/Air       14%        N/A       11%         2
 Fulminant Prism          Conj/Hex       11%        3d9       19%         4
 Iskenderun's Mystic Bla  Conj/Tloc      23%        2d6       19%         4
 Olgreb's Toxic Radiance  Pois           7%         N/A       58%         4
 Agony                    Necr           7%         N/A       90%         5
 Silence                  Hex/Air        3%         N/A       90%         5


Dungeon Overview and Level Annotations

Branches:
Dungeon (3/15)

Altars:

Annotations:
D:3 Grinder, Ijyb


Message History

The grasping roots constrict you.
You hear a shout!
The magic dart hits Ijyb but does no damage.
Ijyb is moderately wounded.
The grasping roots constrict you.
The magic dart hits Ijyb but does no damage.
Ijyb is moderately wounded.
Ijyb barely misses you. The grasping roots constrict you.
The magic dart hits Ijyb but does no damage.
Ijyb is moderately wounded.
Ijyb hits you with a +4 dagger of electrocution.
The grasping roots constrict you.
The grasping roots release their grip on you.
You are too injured to fight recklessly!
You are too injured to fight recklessly!
You are too injured to fight recklessly!
Casting: Magic Dart (safe; 1% risk of failure)
Confirm with . or Enter, or press ? or * to list all spells.
Aiming: Magic Dart (safe; 1% risk of failure)
Press: ? - help, Shift-Dir - straight line, f/p - Ijyb
Aim: Ijyb, wielding a +4 dagger of electrocution, wearing a +0 leather armour and carrying a wand of roots (6) (moderately wounded, 100% to hit)
The magic dart hits Ijyb but does no damage.
Ijyb is moderately wounded.
Ijyb zaps a wand.
The roots erupt in riotous growth!
The grasping roots grab you!
Ijyb is unaffected.
The grasping roots constrict you!
* * * LOW HITPOINT WARNING * * *
You hear a shout!
Unknown command.
Casting: Magic Dart (safe; 1% risk of failure)
Confirm with . or Enter, or press ? or * to list all spells.
Aiming: Magic Dart (safe; 1% risk of failure)
Press: ? - help, Shift-Dir - straight line, f/p - Ijyb
Aim: Ijyb, wielding a +4 dagger of electrocution, wearing a +0 leather armour and carrying a wand of roots (5) (moderately wounded, 100% to hit)
The magic dart hits Ijyb.
Ijyb is moderately wounded.
Ijyb hits you with a +4 dagger of electrocution.
* * * LOW HITPOINT WARNING * * *
You are electrocuted!
You die...

#.........###'''###..###
######...................## #
###.......................#####
#...###........................
#. #.##.........................
##.##....♣.♣.......♣.#.####......
#..#...#.....#...#.....# #......
#....♣....#....♣....#..# #......
#..#...#.....#..@#.....# #......
#........♣.♣....g..♣.♣. #......
#...♣.♣.......♣.♣.....( #......
##......#...#.....#...# #......
##...#....♣....#....♣...
#.......#...#.....#...#.
#.#.♣.♣.......♣.♣.......
#........♣.♣.......♣.♣.#
#..#...#.....#...#.....


You could see Ijyb.

Vanquished Creatures
  An orc priest (D:3)
  Jessica (D:3)
  Natasha (thrice) (D:3)
  A scorpion simulacrum (D:3)
  5 adders
  A worm (D:3)
  An adder simulacrum (D:3)
  4 orcs (D:3)
  9 endoplasms
  2 giant cockroaches
  7 goblins
  6 hobgoblins
  4 jackals (D:2)
  3 quokkas (D:2)
  3 ball pythons
  4 bats
  A frilled lizard (D:1)
  A giant cockroach simulacrum (D:3)
  2 kobolds (D:2)
  7 rats
66 creatures vanquished.

Notes
Turn   | Place    | Note
-------+----------+-------------------------------------------
     0 | D:1      | warriortoast the Deep Elf Conjurer began the quest for the
                  | Orb.
     0 | D:1      | Reached XP level 1. HP: 10/10 MP: 6/6
   217 | D:1      | Reached XP level 2. HP: 15/15 MP: 5/8
   344 | D:1      | Found a faded altar of an unknown god.
   891 | D:2      | Reached XP level 3. HP: 19/19 MP: 5/10
   932 | D:2      | Reached skill level 5 in Conjurations
  1733 | D:2      | Reached XP level 4. HP: 17/24 MP: 4/12
  1991 | D:3      | Found a runed translucent gate.
  1991 | D:3      | Found a runed translucent gate.
  1991 | D:3      | Found a runed translucent gate.
  2075 | D:3      | Reached skill level 5 in Spellcasting
  2269 | D:3      | Noticed Natasha
  2275 | D:3      | Killed Natasha
  2545 | D:3      | Reached XP level 5. HP: 28/28 MP: 4/15
  2640 | D:3      | Noticed Natasha
  2646 | D:3      | Killed Natasha
  2911 | D:3      | Noticed Natasha
  2918 | D:3      | Killed Natasha
  3053 | D:3      | Noticed Jessica
  3054 | D:3      | Killed Jessica
  3136 | D:3      | Noticed Grinder
  3153 | D:3      | Noticed Ijyb
  3165 | D:3      | Slain by Ijyb

Illustrated notes

Levels and vault maps discovered:
D:1:      saegor_arrival_simple_a, layout_basic,
          shapermc_ecumenical_altar_hornbeckon, skrybe_limestone_x,
          dreamdust_princess_corridor, minmay_tromino_i4
D:2:      layout_basic, serial_park_tiny_pond
D:3:      layout_basic, gammafunk_ghost_icy, nicolae_kite_square_tiling_tiny,
          uniq_natasha, uniq_jessica, uniq_ijyb, uniq_grinder

Skill      XL: |  1  2  3  4  5 |
---------------+----------------+-----
Spellcasting   | 4 5 6 |  6.2
Conjurations   | 5 6 |  6.4
Dodging        | |  2.4
Stealth        | |  2.4

Action                   |  1- 3 |  4- 6 || total
-------------------------+-------+-------++-------
 Cast: Magic Dart        |    78 |    87 ||   165
Armor: Robe              |     2 |       ||     2
Dodge: Dodged            |    11 |     5 ||    16
